Map: Ulrena

Players

Bails

  • Race: Protoss Protoss
  • League: Master

Kelazhur - Winner!

  • Race: Terran Terran

Event: SpawningTool Invitational 1

VOD

https://www.youtube.com/watch?v=y051JGJX31k

Description

Time

  • Played on: May 30, 2016, 8:05 p.m.
  • Length: 4:20

All games in this series

Show
View Real Time Build Order
Export as new Build Order

Bails Protoss 

Build Orders: Oracle Opening, Phoenix Opening 

Get SALT Encoding   

  12  0:00  Probe (Chrono Boost)  
  13  0:11  Probe (Chrono Boost)  
  14  0:17  Pylon  
  14  0:22  Probe (Chrono Boost)  
  15  0:36  Probe (Chrono Boost)  
  15  0:37  Gateway  
  16  0:46  Probe (Chrono Boost)  
  16  0:47  Assimilator  
  17  0:55  Assimilator  
  18  0:57  Probe (Chrono Boost)  
  18  1:07  Probe (Chrono Boost)  
  19  1:17  Pylon  
  19  1:18  Probe (Chrono Boost)  
  20  1:24  Cybernetics Core  
  20  1:28  Probe (Chrono Boost)  
  21  1:39  Probe (Chrono Boost)  
  22  1:49  Probe (Chrono Boost)  
  23  2:01  Stargate  
  23  2:03  Mothership Core (Chrono Boost)  
  23  2:06  Adept (Chrono Boost)  
  27  2:15  Warp Gate (Chrono Boost)  
  27  2:27  Nexus  
  28  2:45  Oracle (Chrono Boost), Pylon  
  28  2:51  Probe  
  32  3:12  Adept  
  31  3:21  Pylon  
  31  3:22  Pylon  
  31  3:24  Phoenix (Chrono Boost)  
  33  3:30  Mothership Core  
  33  3:39  Probe  
  31  3:50  Probe  
  31  3:51  Probe  
  31  3:52  Phoenix (Chrono Boost)  
  29  4:03  Probe  
  29  4:04  Probe  
Show
View Real Time Build Order
Export as new Build Order

Kelazhur Terran - Winner!

Build Orders: 1/1/1, Widow Mine Drop 

Get SALT Encoding   

  12  0:00  SCV  
  13  0:12  SCV  
  14  0:19  Supply Depot  
  14  0:24  SCV  
  15  0:29  Refinery  
  15  0:40  SCV  
  16  0:46  Barracks  
  16  0:53  SCV  
  17  1:05  SCV  
  18  1:17  SCV  
  19  1:33  Orbital Command  
  19  1:34  Factory, Marine  
  19  1:39  Refinery  
  20  1:44  Supply Depot  
  20  1:52  Marine  
  21  1:59  SCV  
  22  2:09  Marine  
  22  2:11  SCV  
  24  2:17  Widow Mine  
  24  2:18  Starport  
  26  2:23  SCV  
  26  2:29  Supply Depot, Marine  
  28  2:35  SCV  
  29  2:46  Hellion  
  29  2:50  Marine  
  29  2:51  SCV  
  33  2:54  Supply Depot  
  33  2:58  Medivac  
  35  3:08  Marine  
  35  3:12  Hellion  
  38  3:19  SCV  
  39  3:24  Supply Depot  
  39  3:35  SCV  
  34  3:47  SCV  
  33  3:51  Starport Tech Lab  
  33  3:54  Command Center  
  32  3:59  SCV  
  32  4:02  Barracks Reactor, Factory Tech Lab  
Tags
 
Add a new tag
Caveats
  • Supply blocks, unpowered buildings, or Contaminate may cause inaccurate times.
  • Supply counts are checked every 10 seconds.